 Dungeon Crawl Stone Soup version 0.29.1-4-g47bece8355 (webtiles) character file.

Game seed: 10935529799090535069

46 GorkyZ the Covered (level 3, 0/23 HPs)
             Began as a Gargoyle Fighter on Dec 3, 2022.
             Slain by a goblin
             ... wielding a +0 club
             ... led by Robin
              (2 damage)
             ... on level 2 of the Dungeon.
             The game lasted 00:03:11 (1454 turns).

GorkyZ the Covered (Gargoyle Fighter)               Turns: 1454, Time: 00:03:13

Health: 0/23       AC: 10    Str: 21    XL:     3   Next: 66%
Magic:  3/3        EV:  9    Int:  8    God:
Gold:   115        SH:  4    Dex:  9    Spells: 2/2 levels left

rFire   . . .      SeeInvis .   a - +0 flail
rCold   . . .      Faith    .   c - +0 buckler
rNeg    + . .      Spirit   .   b - +0 scale mail
rPois   ∞          Reflect  .   (no helmet)
rElec   +          Harm     .   (no cloak)
rCorr   .          Rampage  .   (no gloves)
Will    .....                   (no boots)
Stlth   ..........              (no amulet)
HPRegen 0.07/turn               (no ring)
MPRegen 0.08/turn               (no ring)

@: very slow
A: sickness immunity, AC +3, negative energy resistance 1, electricity
resistance, torment resistance 1, petrification resistance
a: no special abilities


You were on level 2 of the Dungeon.
You visited 1 branch of the dungeon, and saw 2 of its levels.

You collected 115 gold pieces.

Inventory:

Hand Weapons
 a - a +0 flail (weapon)
Missiles
 e - 5 boomerangs (quivered)
Armour
 b - a +0 scale mail (worn)
 c - a +0 buckler (worn)
Scrolls
 h - 2 scrolls of identify
Potions
 d - 2 potions of might
 f - a potion of cancellation {unknown}
 i - a potion of mutation {unknown}


   Skills:
 + Level 3.6 Fighting
 + Level 2.3 Maces & Flails
 + Level 0.6 Throwing
 + Level 3.6 Armour
 + Level 0.5 Dodging
 + Level 3.6 Shields
 + Level 0.7 Evocations


You had 2 spell levels left.
You didn't know any spells.
Your spell library was empty.

Dungeon Overview and Level Annotations

Branches:
Dungeon (2/15)

Altars:

Annotations:
D:2 Natasha, Robin


Innate Abilities, Weirdness & Mutations

You are immune to sickness and miasma.
Your stone body is resilient. (AC +3)
You are immune to poison.
You resist negative energy. (rN+)
You are resistant to electric shocks. (rElec)
You are resistant to unholy torment.
You are immune to petrification.


Message History

The hobgoblin hits you. The goblin closely misses you.
The goblin hits you with a +0 dagger.
* * * LOW HITPOINT WARNING * * *
The goblin splashes around in the water.
You feel much better. The goblin hits you but does no damage.
The goblin hits you with a +0 club. The hobgoblin hits you.
The goblin hits you but does no damage.
Robin roars a battlecry!
Your unstable footing causes you to fumble your attack.
The goblin barely misses you. The goblin closely misses you.
The hobgoblin misses you. You block the goblin's attack.
Your unstable footing causes you to fumble your attack.
The goblin closely misses you. x2; The goblin barely misses you.
The hobgoblin hits you.
You closely miss the hobgoblin.
The hobgoblin is lightly wounded.
The goblin barely misses you.
The goblin splashes around in the water.
The goblin misses you. The hobgoblin hits you.
The goblin hits you but does no damage. The goblin barely misses you.
The goblin hits you but does no damage.
The hobgoblin hits you but does no damage.
Your unstable footing causes you to fumble your attack.
The goblin barely misses you.
The goblin splashes around in the water.
The hobgoblin hits you but does no damage.
The goblin barely misses you.
Your unstable footing causes you to fumble your attack.
The goblin no longer looks unusually strong.
The goblin hits you but does no damage. You block the goblin's attack.
The goblin barely misses you. The hobgoblin hits you.
* * * LOW HITPOINT WARNING * * *
Your unstable footing causes you to fumble your attack.
The hobgoblin no longer looks unusually strong.
The goblin hits you but does no damage. x3; The hobgoblin hits you.
* * * LOW HITPOINT WARNING * * *
The hobgoblin hits you but does no damage.
You block the goblin's attack. The goblin hits you but does no damage.
The goblin hits you with a +0 club.
You die...

#### ##... #############
.##.... #........>..#
....... #...........#####
.......####...........#....
.......#gggg..........#....
g.g.ggg..#@g~..#......#....
g.gg.#####~≈≈~........#...(
..g #~≈≈~~.......#.... g
#~~≈≈~###.......<.
##~≈≈~~##...#.....
#~~≈≈~##(..#.....
..#~≈≈~~#####.>...
...#~~≈≈~# #...##
#...##~≈≈~# ###...##


You could see Robin, a hobgoblin and 3 goblins.

Vanquished Creatures
  Natasha (D:2)
  2 ball pythons
  3 bats
  An endoplasm (D:1)
  A giant cockroach (D:2)
  4 goblins (D:1)
  2 hobgoblins
  A quokka (D:1)
  2 frilled lizards (D:2)
  4 rats
21 creatures vanquished.

Notes
Turn   | Place    | Note
-------+----------+-------------------------------------------
     0 | D:1      | GorkyZ the Gargoyle Fighter began the quest for the Orb.
     0 | D:1      | Reached XP level 1. HP: 14/14 MP: 1/1
    53 | D:1      | Found a faded altar of an unknown god.
   277 | D:1      | Reached XP level 2. HP: 19/19 MP: 2/2
  1291 | D:2      | Noticed Natasha
  1308 | D:2      | Killed Natasha
  1309 | D:2      | Reached XP level 3. HP: 16/23 MP: 3/3
  1436 | D:2      | Noticed Robin
  1441 | D:2      | Noticed Natasha
  1454 | D:2      | Slain by a goblin

Illustrated notes

Levels and vault maps discovered:
D:1:      mrwooster_arrival_statue_3, layout_loops_ring,
          shapermc_ecumenical_altar_ellora,
          nicolae_concentric_dashed_squares_wild
D:2:      wander_river, layout_basic, basic_altar, uniq_sigmund, uniq_natasha,
          uniq_robin

Action                   || total
-------------------------++-------
Melee: Flail             ||    97
  Use: Scroll            ||     2
       Potion            ||     2
Armor: Scale mail        ||    71
Dodge: Dodged            ||    58
Block: Buckler           ||    32
